 Dungeon Crawl Stone Soup version 0.30-a0-1123-gabc949cf19 (webtiles) character file.

Game seed: 3667478233979613506

2 themarg the Caller (level 1, -1/13 HPs)
             Began as a Merfolk Summoner on Apr 22, 2023.
             Slain by a hobgoblin (4 damage)
             ... on level 1 of the Dungeon.
             The game lasted 00:00:31 (66 turns).

themarg the Caller (Merfolk Summoner)                 Turns: 66, Time: 00:00:32

Health: -1/13      AC:  2    Str:  8    XL:     1   Next: 30%
Magic:  1/3        EV:  9    Int: 14    God:
Gold:   0          SH:  0    Dex: 14    Spells: 3/4 levels left

rFire   . . .        (no weapon)
rCold   . . .        (no shield)
rNeg    . . .        a - +0 robe
rPois   .            (no helmet)
rElec   .            (no cloak)
rCorr   .            (no gloves)
SInv    .            (no boots)
Will    .....        (no amulet)
Stlth   ++           (no ring)
HPRegen 0.22/turn    (no ring)
MPRegen 0.08/turn

%: no passive effects
@: constricted
A: (nimble swimmer 2), mertail
a: no special abilities


You were on level 1 of the Dungeon.
You visited 1 branch of the dungeon, and saw 1 of its levels.

Inventory:

Missiles
 c - a stone
Armour
 a - a +0 robe (worn)
Potions
 b - a potion of magic


   Skills:
 - Level 2.6 Dodging
 + Level 2.3 Stealth
 - Level 2.0 Spellcasting
 + Level 4.0 Summonings


You had 3 spell levels left.
You knew the following spells:

 Your Spells              Type           Power      Damage    Failure   Level
a - Summon Small Mammal   Summ           48%        N/A       4%          1

Your spell library contained the following spells:

 Spells                   Type           Power      Damage    Failure   Level
 Call Imp                 Summ           24%        N/A       7%          2
 Call Canine Familiar     Summ           12%        N/A       14%         3
 Summon Guardian Golem    Hex/Summ       7%         N/A       30%         3
 Summon Lightning Spire   Summ/Air       7%         N/A       71%         4


Dungeon Overview and Level Annotations

Branches:
Dungeon (1/15)

Altars:


Innate Abilities, Weirdness & Mutations

((You are very nimble when in or above water. (Stealth+, EV+, Speed+++)))
Your lower body shifts to a powerful aquatic tail in water.


Message History

Something closely misses your bat. Something hits your rat.
Your bat closely misses the hobgoblin.
Your bat barely misses the hobgoblin.
The hobgoblin closely misses your bat.
Your bat closely misses the hobgoblin.
Your rat bites the endoplasm.
The endoplasm closely misses your rat.
Your bat hits the hobgoblin.
Your rat bites the endoplasm.
Your bat misses the hobgoblin. The hobgoblin hits your bat.
Your bat dies!
Your bat's corpse disappears in a puff of smoke!
Your rat bites the endoplasm.
The endoplasm dies!
The hobgoblin hits you.
Your rat bites the hobgoblin but does no damage.
You hit the hobgoblin.
The hobgoblin is heavily wounded.
The hobgoblin hits you but does no damage.
Your rat barely misses the hobgoblin.
The hobgoblin misses you.
Your rat bites the hobgoblin.
You hit the hobgoblin but do no damage.
The hobgoblin is severely wounded.
Your bat hits the ball python. The ball python bites you.
The ball python barely misses you.
Your bat hits the hobgoblin but does no damage.
The ball python bites you. The ball python misses you.
The hobgoblin hits your bat.
Your rat barely misses the hobgoblin.
Your bat barely misses the hobgoblin.
You hit the hobgoblin but do no damage.
The hobgoblin is severely wounded.
Your bat closely misses the ball python.
The ball python bites you. The ball python grabs you.
The ball python constricts you.
Your rat bites the hobgoblin but does no damage.
The hobgoblin closely misses your rat.
You hit the hobgoblin but do no damage.
The hobgoblin is severely wounded.
Your bat barely misses the ball python.
Your bat misses the ball python. The ball python barely misses you.
The ball python constricts you.
* * * LOW HITPOINT WARNING * * *
Your rat closely misses the hobgoblin.
The hobgoblin hits you.
You die...

.. . .#.# # .#.# ..
####... ... ##..#.. ....
######### #....# .....
##...8...###..Sb#......
##..8.<.8..##..@gr......
.#8.........8#...#.......
....8.....8......#.......
.#8.....[...8#...#.......
##..8...8..##...#.......
##...8...###...#.......
######### #...#.....#.
##..#.....# ####


You could see a hobgoblin (ally target), a ball python (ally target), a friendly
bat (summoned) and a friendly rat (summoned).

Vanquished Creatures
  A rat (D:1)
1 creature vanquished.

Vanquished Creatures (collateral kills)
  An endoplasm (D:1)
1 creature vanquished.

Grand Total: 2 creatures vanquished

Notes
Turn   | Place    | Note
-------+----------+-------------------------------------------
     0 | D:1      | themarg the Merfolk Summoner began the quest for the Orb.
     0 | D:1      | Reached XP level 1. HP: 13/13 MP: 3/3
    66 | D:1      | Slain by a hobgoblin

Illustrated notes

Levels and vault maps discovered:
D:1:      erik_arrival_orb_chamber, layout_basic,
          hellmonk_ecumenical_altar_pennies_from_heaven

Action                     || total
---------------------------++-------
  Melee: Unarmed           ||     6
   Cast: Summon Small Mamm ||     4
 Armour: Robe              ||     2
  Dodge: Dodged            ||     6

Table legend: (Time is in decaauts)
 A = Elapsed time spent in this place.
 B = Non-inter-level travel time spent in this place.
 C = Inter-level travel time spent in this place.
 D = Time resting spent in this place.
 E = Time spent auto-exploring this place.
 F = Levels seen in this place.
 G = Mean time per level.
                   A        B        C        D        E       F      G
               +--------+--------+--------+--------+--------+-----+--------+
         Total |     66 |     66 |      0 |     19 |     15 |   1 |   66.0 |
       Dungeon |     66 |     66 |      0 |     19 |     15 |   1 |   66.0 |
               +--------+--------+--------+--------+--------+-----+--------+

Top non-repeatable levels by time:
     D:1: 66 daAuts
